 Dungeon Sprint DCSS version 0.27-a0-93-g19769c27d7 (webtiles) character file.

Game seed: 3582898732403365201

1041 rocky1 the Geomancer (level 8, -7/72 HPs)
             Began as a Gargoyle Earth Elementalist on Jan 17, 2021.
             Was an Initiate of Sif Muna.
             Mangled by a deep troll (10 damage)
             ... in the Dungeon (Sprint I: "Red Sonja").
             The game lasted 00:05:42 (902 turns).

rocky1 the Geomancer (Gargoyle Earth Elementalist)   Turns: 902, Time: 00:05:42

Health: -7/72      AC: 17    Str: 12    XL:     8   Next: 25%
Magic:  3/19       EV: 12    Int: 20    God:    Sif Muna [......]
Gold:   76         SH:  2    Dex:  8    Spells: 9/22 levels left

rFire    . . .     SeeInvis .   k - +1 flail (protect)
rCold    . . .     Faith    .   n - +0 buckler
rNeg     + . .     Spirit   .   p - +0 robe "Kuophoco" {rPois Will+ Int+2 Dex-2}
rPois    ∞         Reflect  .   o - +2 helmet
rElec    +         Harm     .   (no cloak)
rCorr    .         Rampage  .   (no gloves)
Will     +....     NoTele   +   (no boots)
Stlth    ..........             (no amulet)
HPRegen  0.22/turn              (no ring)
MPRegen  0.16/turn              (no ring)

@: berserking, protection aura, very quick
A: negative energy resistance 1, electricity resistance, unbreathing,
petrification resistance, miasma immunity, AC +5
a: Renounce Religion


You were in the Dungeon.
You worshipped Sif Muna.
Sif Muna was noncommittal.
You visited 1 branch You collected 621 gold pieces.
You spent 545 gold pieces at shops.

Inventory:

Hand Weapons
 k - a +1 flail of protection (weapon)
Missiles
 b - 15 stones
 m - 8 curare-tipped darts
Armour
 c - a +0 robe
 n - a +0 buckler (worn)
 o - a +2 helmet (worn)
 p - the +0 robe "Kuophoco" (worn) {rPois Will+ Int+2 Dex-2}
   (You bought it in a shop in the Dungeon)

   It affects your intelligence (+2).
   It affects your dexterity (-2).
   It protects you from poison.
   It affects your willpower, your defense against some magical effects.
Wands
 a - a wand of polymorph (9)
 l - a wand of acid (6)
Scrolls
 i - a scroll of blinking
 j - a scroll of magic mapping {unknown}
Potions
 d - 3 potions of curing
 f - a potion of haste
 g - 3 potions of magic


   Skills:
 + Level 4.8 Fighting
 + Level 3.4 Maces & Flails
 + Level 4.1 Dodging
 + Level 5.9 Stealth
 + Level 0.0 Shields
 + Level 7.5 Spellcasting
 - Level 0.7 Transmutations
 + Level 14.3 Earth Magic
 + Level 4.8 Invocations


You had 9 spell levels left.
You knew the following spells:

 Your Spells              Type           Power        Failure   Level
a - Sandblast             Erth           100%         1%          1
b - Stone Arrow           Conj/Erth      72%          2%          3
c - Lee's Rapid Deconstr  Erth           30%          1%          5
d - Petrify               Tmut/Erth      37%          7%          4

Your spell library contained the following spells:

 Spells                   Type           Power        Failure   Level
 Passwall                 Tmut/Erth      30%          1%          2


Dungeon Overview and Level Annotations

Branches:
Dungeon (1/1)

Altars:
Cheibriados
Dithmenos
Elyvilon
Fedhas
Gozag
Hepliaklqana
Kikubaaqudgha
Nemelex Xobeh
Okawaru
Qazlal
Ru
Sif Muna
Trog
Uskayaw
Vehumet
Wu Jian
Yredelemnul
Zin
The Shining One

Shops:
D [(


Innate Abilities, Weirdness & Mutations

You are resistant to torment.
Your stone body is resilient. (AC +5)
You are immune to poison.
You resist negative energy. (rN+)
You are resistant to electric shocks. (rElec)
You can survive without breathing.
You are immune to petrification.
You are immune to miasma.


Message History

You barely miss the deep troll.
The deep troll is severely wounded.
The deep troll bites you! The deep troll claws you!
The deep troll claws you but does no damage.
You barely miss the deep troll.
The deep troll is severely wounded.
The deep troll bites you!
* * * LOW HITPOINT WARNING * * *
The deep troll claws you!
* * * LOW HITPOINT WARNING * * *
The deep troll closely misses you.
You hit the deep troll.
Your weapon exudes an aura of protection.
The deep troll is severely wounded.
Unknown command.
You barely miss the deep troll.
The deep troll is severely wounded.
The deep troll barely misses you. The deep troll completely misses you.
The deep troll claws you!
You die...

#..#####'#####'#
#..####..#...#[#
#..#__####..##)#
#..#_____##'#_.+
#⌠⌠#_.∩...'..._#
####_..__##_.#'#
#_____###)#.#
############.####+###
#∩........'..@T$$.$$+
###++++####...#######
###.### #.#'#.#
#.....# #...).#
#######


You could see a deep troll.

Vanquished Creatures
  Sonja (D)
  Sigmund (D)
  A yak (D)
  An ogre (D)
  A jelly (D)
  Ijyb (D)
  2 ballistomycete spores (D)
8 creatures vanquished.

Notes
Turn   | Place    | Note
-------+----------+-------------------------------------------
     0 | D        | rocky1 the Gargoyle Earth Elementalist began the quest for
                  | the Orb.
     0 | D        | Reached XP level 1. HP: 10/10 MP: 3/3
     4 | D        | Noticed Ijyb
    17 | D        | Killed Ijyb
    18 | D        | Reached skill level 7 in Earth Magic
    18 | D        | Reached XP level 2. HP: 15/15 MP: 1/5
    18 | D        | Reached XP level 3. HP: 19/19 MP: 1/6
    73 | D        | Noticed an ogre
    76 | D        | Killed an ogre
    77 | D        | Reached skill level 11 in Earth Magic
    77 | D        | Reached XP level 4. HP: 24/24 MP: 3/7
    83 | D        | Learned a level 3 spell: Stone Arrow
   125 | D        | Noticed Sigmund
   127 | D        | Killed Sigmund
   128 | D        | Reached skill level 5 in Spellcasting
   128 | D        | Reached skill level 13 in Earth Magic
   128 | D        | Reached XP level 5. HP: 28/28 MP: 5/13
   128 | D        | Reached XP level 6. HP: 32/32 MP: 5/14
   138 | D        | Learned a level 5 spell: Lee's Rapid Deconstruction
   143 | D        | Learned a level 4 spell: Petrify
   156 | D        | Found an ornate altar of the Wu Jian Council.
   156 | D        | Found a shimmering blue altar of Sif Muna.
   169 | D        | Found a radiant altar of Vehumet.
   173 | D        | Became a worshipper of Sif Muna the Loreminder
   372 | D        | Found Xogowas's Antique Weapon Emporium.
   372 | D        | Found an ancient bone altar of Kikubaaqudgha.
   372 | D        | Found a hazy altar of Hepliaklqana.
   372 | D        | Found a stormy altar of Qazlal.
   372 | D        | Found a hide-covered altar of Uskayaw.
   372 | D        | Found a blossoming altar of Fedhas.
   372 | D        | Found a bloodstained altar of Trog.
   372 | D        | Found an iron altar of Okawaru.
   372 | D        | Found a basalt altar of Yredelemnul.
   372 | D        | Found a glowing golden altar of the Shining One.
   372 | D        | Found a snail-covered altar of Cheibriados.
   372 | D        | Found a sacrificial altar of Ru.
   372 | D        | Found a glowing silver altar of Zin.
   372 | D        | Found a shadowy altar of Dithmenos.
   372 | D        | Found a white marble altar of Elyvilon.
   372 | D        | Noticed a yak
   377 | D        | Killed a yak
   378 | D        | Reached XP level 7. HP: 27/40 MP: 11/17
   378 | D        | Found an opulent altar of Gozag.
   379 | D        | Found a sparkling altar of Nemelex Xobeh.
   475 | D        | Bought a runed flail for 156 gold pieces
   585 | D        | Noticed Sonja
   590 | D        | Killed Sonja
   591 | D        | Reached skill level 5 in Stealth
   591 | D        | Reached skill level 14 in Earth Magic
   591 | D        | Reached XP level 8. HP: 18/48 MP: 2/19
   851 | D        | Found Exkuseme's Antique Armour Boutique.
   859 | D        | Bought a buckler for 99 gold pieces
   859 | D        | Bought a shiny helmet for 165 gold pieces
   859 | D        | Bought a slimy robe for 125 gold pieces
   879 | D        | Identified the +0 robe "Kuophoco" {rPois Will+ Int+2 Dex-2}
                  | (You bought it in a shop in the Dungeon)
   891 | D        | Noticed a deep troll
   900 | D        | HP: 3/72 [deep troll (9)]
   902 | D        | Mangled by a deep troll

Illustrated notes

Levels and vault maps discovered:
D:        dungeon_sprint_1 [red_sonja_temple_1, red_sonja_temple_small_1]

Skill      XL: |  1  2  3  4  5  6  7 |
---------------+----------------------+-----
Earth Magic    | 7 11 13 14 | 14.3
Spellcasting   | 5 6 7 |  7.5
Fighting       | 2 4 |  4.8
Dodging        | 2 4 |  4.1
Stealth        | 3 5 |  5.9
Invocations    | 2 4 |  4.8
Maces & Flails | 3 |  3.4
Transmutations | |  0.7

Action                   |  1- 3 |  4- 6 |  7- 9 || total
-------------------------+-------+-------+-------++-------
Melee: Unarmed           |    10 |       |       ||    10
       Flail             |       |       |     4 ||     4
 Cast: Sandblast         |     5 |     8 |     2 ||    15
       Lee's Rapid Decon |       |     1 |     7 ||     8
  Use: Potion            |       |       |     2 ||     2
Armor: Skin              |     6 |       |       ||     6
       Robe              |       |       |     1 ||     1
Dodge: Dodged            |     1 |     1 |    11 ||    13

Table legend: (Time is in decaauts)
 A = Elapsed time spent in this place.
 B = Non-inter-level travel time spent in this place.
 C = Inter-level travel time spent in this place.
 D = Time resting spent in this place.
 E = Time spent auto-exploring this place.
 F = Levels seen in this place.
 G = Mean time per level.
                   A        B        C        D        E       F      G
               +--------+--------+--------+--------+--------+-----+--------+
         Total |    901 |    901 |      0 |    625 |      0 |   1 |  901.0 |
       Dungeon |    901 |    901 |      0 |    625 |      0 |   1 |  901.0 |
               +--------+--------+--------+--------+--------+-----+--------+

Top non-repeatable levels by time:
       D: 901 daAuts
